 Dungeon Crawl Stone Soup version 0.31-a0-1183-gd88bbb8b4d (webtiles) character file.

Game seed: 9196844765496418841

115 qw the Shooter (level 5, 0/32 HPs)
             Began as a Gargoyle Hunter on Dec 11, 2023.
             Slain by a gnoll
             ... wielding a +0 flail
              (4 damage)
             ... on level 3 of the Dungeon.
             The game lasted 00:00:46 (1531 turns).

qw the Shooter (Gargoyle Hunter)                    Turns: 1531, Time: 00:00:46

Health: 0/32       AC: 10    Str: 14    XL:     5   Next: 0%
Magic:  5/5        EV: 10    Int: 10    God:
Gold:   102        SH:  0    Dex: 15    Spells: 4/4 levels left

rFire   . . .        a - +0 shortbow
rCold   . . .        (shield currently unavailable)
rNeg    + . .        e - +0 ring mail
rPois   inf          (no helmet)
rElec   +            k - +0 cloak
rCorr   .            (no gloves)
SInv    .            (no boots)
Will    .....        (no amulet)
Stlth   +            (no ring)
HPRegen 0.25/turn    (no ring)
MPRegen 0.09/turn

%: no passive effects
@: no status effects
A: sickness immunity, AC +4, negative energy resistance 1, electricity
resistance, torment resistance 1, petrification resistance
a: no special abilities


You were on level 3 of the Dungeon.
You visited 1 branch of the dungeon, and saw 3 of its levels.

You collected 142 gold pieces.
You spent 40 gold pieces at shops.


Innate Abilities, Weirdness & Mutations

You are immune to sickness and miasma.
Your stone body is resilient. (AC +4)
You are immune to poison.
You resist negative energy. (rN+)
You are resistant to electric shocks. (rElec)
You are resistant to unholy torment.
You are immune to petrification.


   Skills:
 - Level 3.0 Fighting
 + Level 5.6 Ranged Weapons
 - Level 1.0 Armour
 - Level 1.5 Dodging
 - Level 1.1 Stealth


You had 4 spell levels left.
You didn't know any spells.
Your spell library was empty.

Inventory:

Hand Weapons
 a - a +0 shortbow (weapon)
Armour
 e - a +0 ring mail (worn)
 k - a +0 cloak (worn)
Scrolls
 b - a scroll of identify

Dungeon Overview and Level Annotations

Branches:
Dungeon (3/15)

Altars:

Shops:
D:1 =((?*


Message History

You shoot an arrow. The arrow completely misses the gnoll.
The arrow barely misses the gnoll.
The gnoll hits you but does no damage. The gnoll barely misses you.
You shoot an arrow.
The arrow hits the gnoll but does no damage.
The gnoll is almost dead.
The gnoll hits you with a +0 whip.
You shoot an arrow. The arrow hits the gnoll.
You kill the gnoll!
The gnoll hits you with a +0 whip!
You shoot an arrow. The arrow hits the gnoll.
The gnoll is lightly wounded.
The gnoll hits you but does no damage.
You shoot an arrow. The arrow hits the gnoll!
The gnoll is almost dead.
The gnoll hits you but does no damage.
You shoot an arrow. The arrow hits the gnoll!
You kill the gnoll!
You have reached level 5!
You shoot an arrow.
The arrow hits the gnoll but does no damage.
The gnoll is lightly wounded.
The gnoll hits you with a +0 flail.
You shoot an arrow. The arrow barely misses the gnoll.
The arrow closely misses the gnoll.
The gnoll hits you but does no damage. The gnoll barely misses you.
You shoot an arrow. The arrow closely misses the gnoll.
The arrow hits the gnoll!
The gnoll is almost dead.
The gnoll hits you with a +0 flail.
You shoot an arrow.
The arrow hits the gnoll but does no damage.
The gnoll is lightly wounded.
The gnoll barely misses you.
You shoot an arrow. The arrow hits the gnoll.
The gnoll is moderately wounded.
The gnoll misses you.
You shoot an arrow. The arrow closely misses the gnoll. x2
The gnoll closely misses you. The gnoll hits you with a +0 flail.
You die...

#.........# .
#.....!...###.. ...# #
#..........>... ...#
.##........##... ...#
..#...........# ...#
#.#........#### ...#
#.#.g......# ...#
#.##g#####.# ...#
#####.##@# #..#
...######........#....##
####...##.####...#....g
.# #...##.##............
.#
#...##.##.##....####.#
.###...##......#....# (.
.....................#
.##
.###...##......#......#
#
........+.........>....


You could see 2 gnolls.

Vanquished Creatures
  Natasha (D:3)
  2 gnolls (D:3)
  An adder (D:3)
  5 dart slugs
  An orc (D:3)
  8 bats
  5 endoplasms
  2 giant cockroaches
  4 hobgoblins
  3 kobolds
  3 quokkas
  2 ball pythons
  6 goblins
  4 rats
47 creatures vanquished.

Notes
Turn   | Place    | Note
-------+----------+-------------------------------------------
     0 | D:1      | qw the Gargoyle Hunter began the quest for the Orb.
     0 | D:1      | Reached XP level 1. HP: 12/12 MP: 1/1
     0 | D:1      | 0 ||| qw: Version: 0.3-a-106-g2cfff9e
     0 | D:1      | 0 ||| qw: Game counter: 2122
     0 | D:1      | 0 ||| qw: Melee chars always use a shield: true
     0 | D:1      | 0 ||| qw: God list: Okawaru
     0 | D:1      | 0 ||| qw: Allow faded altars: false
     0 | D:1      | 0 ||| qw: Do Orc after clearing Dungeon:15 true
     0 | D:1      | 0 ||| qw: Do second Lair branch before Depths: true
     0 | D:1      | 0 ||| qw: Lair rune preference: random
     0 | D:1      | 0 ||| qw: Goals: Normal, Save, Zot:1-4, Win
     0 | D:1      | 0 ||| PLANNING D:1-11
    80 | D:1      | Found Otamauck's Magic Scroll Shop.
    87 | D:1      | Reached XP level 2. HP: 17/17 MP: 2/2
    90 | D:1      | 90 ||| SHOPLISTING scroll of brand weapon (95 gold, have
                  | 21).
    90 | D:1      | 90 ||| SHOPLISTING scroll of enchant weapon (75 gold, have
                  | 21).
    90 | D:1      | 90 ||| BUYING scroll of identify (20 gold).
    90 | D:1      | Bought a scroll of identify for 20 gold pieces
    90 | D:1      | 90 ||| SHOPLISTING scroll of teleportation (30 gold, have
                  | 1).
   109 | D:1      | Found a faded altar of an unknown god.
   256 | D:1      | Found Xenly's Jewellery Shop.
   323 | D:1      | Reached XP level 3. HP: 21/21 MP: 3/3
   334 | D:1      | 334 ||| SHOPLISTING +4 ring of slaying (1014 gold, have
                  | 11).
   334 | D:1      | 334 ||| SHOPLISTING +6 ring of dexterity (468 gold, have
                  | 11).
   334 | D:1      | 334 ||| SHOPLISTING amulet of faith (520 gold, have 11).
   334 | D:1      | 334 ||| SHOPLISTING amulet of the acrobat (390 gold, have
                  | 11).
   417 | D:1      | Found Yrustrit's Antique Weapon Boutique.
   423 | D:1      | Reached skill level 5 in Ranged Weapons
   423 | D:1      | Found Meqoles's General Store.
   432 | D:1      | 432 ||| SHOPLISTING +0 cloak (45 gold, have 29).
   432 | D:1      | 432 ||| SHOPLISTING potion of resistance (100 gold, have
                  | 29).
   432 | D:1      | 432 ||| BUYING scroll of identify (20 gold).
   432 | D:1      | Bought a scroll of identify for 20 gold pieces
   442 | D:1      | 442 ||| SHOPLISTING runed orcbow (169 gold, have 9).
   452 | D:1      | Found Nauxudep's Antique Weapon Boutique.
   461 | D:1      | 461 ||| SHOPLISTING runed shortbow (144 gold, have 9).
   486 | D:1      | 486 ||| UPGRADING to +0 ring mail.
   496 | D:1      | 496 ||| DROPPING +0 leather armour.
   497 | D:1      | 497 ||| UPGRADING to +0 cloak.
   502 | D:1      | 502 ||| READING 2 scrolls of identify.
   502 | D:1      | 502 ||| IDENTIFYING lumpy brown potion
   503 | D:1      | 503 ||| READING scroll of identify.
   503 | D:1      | 503 ||| IDENTIFYING scroll labelled QELUKAUSEMM
   504 | D:1      | 504 ||| READING scroll labelled LIT AGOURAILY.
   505 | D:1      | 505 ||| READING scroll labelled BEDDOM RIRU.
   510 | D:1      | 510 ||| READING scroll labelled ELLOYD ATAOKHA.
   511 | D:1      | 511 ||| DROPPING scroll of butterflies.
   512 | D:1      | 512 ||| DROPPING scroll of immolation.
   513 | D:1      | 513 ||| DROPPING potion of degeneration.
   622 | D:2      | Reached skill level 1 in Armour
  1175 | D:2      | 1175 ||| READING scroll of identify.
  1175 | D:2      | 1175 ||| IDENTIFYING red potion
  1176 | D:2      | 1176 ||| READING 2 scrolls labelled PUYZICH VYENOU.
  1277 | D:2      | 1277 ||| DRINKING 2 cyan potions.
  1284 | D:2      | 1284 ||| DROPPING potion of ambrosia.
  1285 | D:2      | 1285 ||| DROPPING scroll of vulnerability.
  1286 | D:2      | 1286 ||| DROPPING potion of invisibility.
  1420 | D:3      | Reached XP level 4. HP: 27/27 MP: 4/4
  1427 | D:3      | Reached skill level 3 in Fighting
  1441 | D:3      | Noticed Natasha
  1449 | D:3      | Killed Natasha
  1499 | D:3      | 1499 ||| Stepping ~*~*~tactically~*~*~ (retreating).
  1500 | D:3      | 1500 ||| Stepping ~*~*~tactically~*~*~ (retreating).
  1503 | D:3      | 1503 ||| Stepping ~*~*~tactically~*~*~ (retreating).
  1506 | D:3      | 1506 ||| Stepping ~*~*~tactically~*~*~ (retreating).
  1507 | D:3      | 1507 ||| Stepping ~*~*~tactically~*~*~ (retreating).
  1508 | D:3      | 1508 ||| Stepping ~*~*~tactically~*~*~ (retreating).
  1509 | D:3      | 1509 ||| Stepping ~*~*~tactically~*~*~ (retreating).
  1510 | D:3      | 1510 ||| Stepping ~*~*~tactically~*~*~ (retreating).
  1526 | D:3      | Reached XP level 5. HP: 11/32 MP: 5/5
  1526 | D:3      | HP: 8/32 [gnoll/+0 flail (3)]
  1528 | D:3      | HP: 3/32 [gnoll/+0 flail (6)]
  1531 | D:3      | Slain by a gnoll

Levels and vault maps discovered:
D:1:      ldierk_walled_garden_2, layout_basic, serial_shops, shop, shop, shop,
          nicolae_shop_window_shopping, nicolae_shop_pleasant_corner_grove,
          dreamdust_ecumenical_altar_grove
D:2:      layout_basic, minmay_surrounded
D:3:      layout_basic, minmay_crystal_water, nrook_loot_triangle, uniq_ijyb,
          uniq_grinder, uniq_natasha

Skill      XL: |  1  2  3  4 |
---------------+-------------+-----
Ranged Weapons | 5 |  5.6
Armour         | 1 |  1.0
Fighting       | 3 |  3.0
Dodging        | |  1.5
Stealth        | |  1.1

Action                     |  1- 3 |  4- 6 || total
---------------------------+-------+-------++-------
   Fire: Shortbow          |   112 |    39 ||   151
    Use: Scroll            |     7 |       ||     7
         Potion            |     1 |       ||     1
 Armour: Leather armour    |    15 |       ||    15
         Ring mail         |    10 |    31 ||    41
  Dodge: Dodged            |    18 |    14 ||    32

Table legend:
 A = Non-vault XP
 B = Vault XP
 C = Vault XP percentage of total XP
 D = Non-vault monster count
 E = Vault monster count
 F = Vault count percentage of total count
                 A         B        C        D         E       F
            +---------+---------+-------+---------+---------+-------
      Total |     124 |      41 |  24.8 |      43 |       4 |   8.5
            +---------+---------+-------+---------+---------+-------
        D:1 |      44 |       0 |   0.0 |      22 |       0 |   0.0
        D:2 |      21 |       5 |  19.2 |      10 |       3 |  23.1
        D:3 |      59 |      36 |  37.9 |      11 |       1 |   8.3
            +---------+---------+-------+---------+---------+-------
